 Dungeon Crawl Stone Soup version 0.31-a0-152-g6aa68a64a1 (webtiles) character file.

Game seed: 5356683769072933493

2891 Zonian the Ruffian (level 9, -14/92 HPs)
             Began as a Troll Fighter on June 11, 2023.
             Killed from afar by an acid dragon (25 damage)
             ... with a splash of acid
             ... on level 7 of the Dungeon.
             The game lasted 00:08:13 (4107 turns).

Zonian the Ruffian (Troll Fighter)                  Turns: 4107, Time: 00:08:14

Health: -14/92     AC:  1    Str: 30    XL:     9   Next: 48%
Magic:  8/8        EV: 20    Int:  4    God:
Gold:   252        SH:  9    Dex:  9    Spells: 8/8 levels left

rFire   . .          .
                       - Unarmed
rCold   . . .        b - +0 kite shield
rNeg    . . .        a - +0 robe
rPois   .            (helmet restricted)
rElec   .            g - +0 cloak
rCorr   .            (gloves unavailable)
SInv    .            (boots unavailable)
Will    .....        (no amulet)
Stlth   +            d - +5 ring of evasion
HPRegen 1.15/turn    q - +5 ring of evasion
MPRegen 0.11/turn

%: no passive effects
@: mighty, brilliant, corroded
A: large, unfitting armour, claws 3, regeneration 1, shaggy fur 1, tough skin 1
a: no special abilities


You were on level 7 of the Dungeon.
You visited 1 branch of the dungeon, and saw 7 of its levels.

You collected 252 gold pieces.

Inventory:

Missiles
 s - 2 javelins
 D - 14 poisoned darts
Armour
 a - a +0 robe (worn)
 b - a +0 kite shield (worn)
 g - a +0 cloak (worn)
Jewellery
 d - a +5 ring of evasion (left claw)
 p - a ring of resist corrosion
 q - a +5 ring of evasion (right claw)
Wands
 v - a wand of iceblast (13)
 w - a wand of flame (8)
Scrolls
 e - 4 scrolls of poison {unknown}
 h - a scroll of enchant armour {unknown}
 k - a scroll of summoning {unknown}
 m - 3 scrolls of immolation
 n - 2 scrolls of blinking {unknown}
 o - a scroll of magic mapping {unknown}
 r - 2 scrolls of fog {unknown}
 t - a scroll of acquirement {unknown}
 x - a scroll of amnesia {unknown}
 y - 2 scrolls of identify
 B - a scroll of teleportation {unknown}
 C - 2 scrolls of vulnerability {unknown}
Potions
 c - 2 potions of might
 f - 2 potions of heal wounds {unknown}
 i - a potion of magic
 j - 2 potions of degeneration
 l - a potion of mutation
 u - a potion of curing {unknown}
 z - a potion of lignification {unknown}
 A - a potion of enlightenment {unknown}


   Skills:
 + Level 6.4 Fighting
 - Level 4.6 Dodging
 + Level 7.0 Shields
 + Level 7.4 Unarmed Combat


You had 8 spell levels left.
You didn't know any spells.
Your spell library contained the following spells:

 Spells                   Type           Power      Damage    Failure   Level
 Necrotise                Necr           0%         1d4       67%         1
 Sting                    Tmut/Pois      0%         1d3       67%         1
 Summon Small Mammal      Summ           0%         N/A       67%         1
 Ensorcelled Hibernation  Hex/Ice        0%         N/A       82%         2
 Passwall                 Tmut/Erth      0%         N/A       82%         2
 Poisonous Vapours        Pois/Air       0%         N/A       82%         2
 Call Canine Familiar     Summ           0%         N/A       96%         3
 Summon Guardian Golem    Hex/Summ       0%         N/A       96%         3
 Swiftness                Air            0%         N/A       96%         3
 Vampiric Draining        Necr           0%         2d6       96%         3
 Olgreb's Toxic Radiance  Pois           0%         N/A       100%        4
 Agony                    Necr           0%         N/A       100%        5


Dungeon Overview and Level Annotations

Branches:
Dungeon (7/15)
 Temple: D:4-7

Altars:
Okawaru


Innate Abilities, Weirdness & Mutations

You are too large for most types of armour.
You have claws for hands.
Your natural rate of healing is unusually fast.
You are covered in fur. (AC +1)
You have tough skin. (AC +1)


Message History

The two-headed ogre attacks as you move away!
The two-headed ogre hits you with a +0 giant spiked club!
The two-headed ogre closely misses you.
You closely miss the scorpion. You block the scorpion's attack.
The orc priest mumbles some strange prayers to Beogh against you.
Beogh smites you!
You claw the scorpion!
The scorpion is severely wounded.
You block the scorpion's attack.
Unknown command.
You claw the two-headed ogre!
The two-headed ogre is heavily wounded.
The orc priest begins to cast a cantrip, but forgets the words!
You scratch the two-headed ogre.
The two-headed ogre is heavily wounded.
The two-headed ogre hits you with a +0 giant spiked club!!
The two-headed ogre hits you with a +0 giant spiked club!
Unknown command.
You mangle the two-headed ogre!!
You kill the two-headed ogre!
Your Fighting skill increases to level 6!
Your Unarmed Combat skill increases to level 7!
Unknown command.
You claw the scorpion!
You kill the scorpion!
Your Shields skill increases to level 7!
Unknown command.
The acid dragon spits acid at you. The splash of acid hits you!!
* * * LOW HITPOINT WARNING * * *
The acid corrodes you!
You see here a sky beast corpse.
Unknown command.
It was a potion of brilliance.
You feel clever all of a sudden.
You claw the acid dragon!
The acid dragon is heavily wounded.
The acid dragon spits acid at you. The splash of acid hits you!!
You die...

##### #####...##
#.#.'.@D.#
##).####H####
#...#...H...#
####'##.⌠...⌠.# .
###888.##....⌠..#
.###
#.')...8#...⌠...'.
...#
#.#888.##..⌠....##..
.#.#
#.####+##.⌠...⌠.#
... .#.####..#
#.......# ..


You could see a manticore and an acid dragon (catching breath).

Vanquished Creatures
  A two-headed ogre (D:7)
  Menkaure (D:7)
  A water moccasin (D:6)
  Duvessa (D:5)
  A sky beast (D:7)
  A black bear (D:7)
  An ice beast (D:6)
  2 ogres
  A phantom (D:6)
  A centaur (D:7)
  A kobold brigand (D:7)
  2 bullfrogs
  2 scorpions
  5 wights (D:7)
  Dowan (D:5)
  A howler monkey (D:7)
  6 hounds
  3 orc priests
  3 jellies (D:6)
  2 sleepcaps
  A gnoll bouda (D:5)
  2 iguanas
  Ijyb (D:5)
  An orc wizard (D:4)
  5 adders
  4 gnolls (D:5)
  A shadow imp (D:6)
  An ufetubus (D:6)
  3 worms
  4 dart slugs
  17 orcs
  9 endoplasms
  4 giant cockroaches
  3 goblins
  3 hobgoblins
  4 jackals (D:5)
  4 kobolds
  4 quokkas
  4 ball pythons
  5 bats
  2 frilled lizards
  2 rats
121 creatures vanquished.

Notes
Turn   | Place    | Note
-------+----------+-------------------------------------------
     0 | D:1      | Zonian the Troll Fighter began the quest for the Orb.
     0 | D:1      | Reached XP level 1. HP: 22/22 MP: 0/0
    73 | D:1      | Reached XP level 2. HP: 18/29 MP: 1/1
   486 | D:2      | Reached XP level 3. HP: 36/36 MP: 2/2
   538 | D:2      | Found a faded altar of an unknown god.
   880 | D:2      | Reached XP level 4. HP: 44/44 MP: 3/3
  1889 | D:4      | Reached XP level 5. HP: 53/53 MP: 4/4
  2311 | D:5      | Entered Level 5 of the Dungeon
  2373 | D:5      | Reached XP level 6. HP: 24/61 MP: 5/5
  2574 | D:5      | Identified the +0 chain mail of Mental Paralysis {rF+
                  | Will+}
  2585 | D:5      | Noticed Ijyb
  2601 | D:5      | Killed Ijyb
  2758 | D:5      | Noticed Dowan
  2760 | D:5      | Noticed Duvessa
  2777 | D:5      | Killed Dowan
  2784 | D:5      | Killed Duvessa
  2785 | D:5      | Reached XP level 7. HP: 56/68 MP: 6/6
  3181 | D:6      | Found an iron altar of Okawaru.
  3267 | D:6      | Reached skill level 5 in Unarmed Combat
  3343 | D:6      | Reached skill level 5 in Shields
  3343 | D:6      | Reached XP level 8. HP: 79/79 MP: 7/7
  3570 | D:6      | Reached skill level 5 in Fighting
  3744 | D:7      | Noticed Menkaure
  3912 | D:7      | Killed Menkaure
  4041 | D:7      | Reached XP level 9. HP: 89/89 MP: 8/8
  4091 | D:7      | Noticed a two-headed ogre
  4093 | D:7      | Noticed a manticore
  4103 | D:7      | Killed a two-headed ogre
  4107 | D:7      | Killed from afar by an acid dragon

Illustrated notes

Levels and vault maps discovered:
D:1:      dpeg_arrival_rooms_a, layout_rooms, minmay_pentomino_u2
D:2:      layout_loops_ring, basic_ecumenical_altar, serial_glass,
          glass_columns_b, glass_columns_a, grunt_decor_resistance,
          minmay_liquid_box, nicolae_figureground_pulse
D:3:      layout_loops_ring, kennysheep_donut
D:4:      layout_rooms, nicolae_elevator_lobby_plus
D:5:      layout_basic, kennysheep_small_spiral, grunt_ministairs_10,
          hangedman_abyss_or_decor_passed, uniq_duvessa, uniq_ijyb
D:6:      layout_cave_pools, nicolae_overflow_hidden_temple,
          mrwooster_statue_mirror
D:7:      minmay_chambers_of_sevens, layout_loops_ring,
          minmay_temple_entry_poolview, uniq_menkaure

Skill      XL: |  1  2  3  4  5  6  7  8  9 |
---------------+----------------------------+-----
Shields        | 3 4 5 6 7 |  7.0
Fighting       | 3 4 5 6 |  6.4
Dodging        | 3 4 |  4.6
Unarmed Combat | 3 4 5 6 7 |  7.4

Action                     |  1- 3 |  4- 6 |  7- 9 || total
---------------------------+-------+-------+-------++-------
  Melee: Unarmed           |    81 |   154 |   147 ||   382
  Evoke: Wand              |       |     4 |     4 ||     8
    Use: Scroll            |       |     4 |       ||     4
         Potion            |       |       |     2 ||     2
 Armour: Robe              |    22 |    13 |    16 ||    51
  Dodge: Dodged            |    27 |    85 |    83 ||   195
  Block: Kite shield       |    21 |    50 |    57 ||   128

Table legend: (Time is in decaauts)
 A = Elapsed time spent in this place.
 B = Non-inter-level travel time spent in this place.
 C = Inter-level travel time spent in this place.
 D = Time resting spent in this place.
 E = Time spent auto-exploring this place.
 F = Levels seen in this place.
 G = Mean time per level.
                   A        B        C        D        E       F      G
               +--------+--------+--------+--------+--------+-----+--------+
         Total |   4120 |   3908 |    212 |    121 |   2785 |   7 |  588.6 |
       Dungeon |   4120 |   3908 |    212 |    121 |   2785 |   7 |  588.6 |
               +--------+--------+--------+--------+--------+-----+--------+

Top non-repeatable levels by time:
     D:5: 792 daAuts
     D:2: 703 daAuts
     D:3: 690 daAuts
     D:6: 675 daAuts
     D:1: 466 daAuts
     D:4: 460 daAuts
     D:7: 331 daAuts
